 Dungeon Crawl Stone Soup version 0.21.1-1-g345015f (webtiles) character file.

72 Kagorn the Poker (level 4, -1/52 HPs)
             Began as a Vampire Berserker on June 4, 2018.
             Was a Believer of Trog.
             Slain by a gnoll sergeant
             ... wielding a +0 spear
              (5 damage)
             ... on level 2 of the Dungeon.
             The game lasted 00:16:12 (1606 turns).

Kagorn the Poker (Vampire Berserker)                Turns: 1606, Time: 00:16:15

Health: -1/52      AC: 10    Str: 21    XL:     4   Next: 6%
Magic:  4/4        EV:  7    Int:  9    God:    Trog [**....]
Gold:   36         SH:  0    Dex: 14    Spells: 3/3 levels left

rFire    . . .     SeeInvis +   a - +0 spear
rCold    . . .     Gourm    .   (no shield)
rNeg     + . .     Faith    .   d - +0 plate armour
rPois    .         Spirit   .   (no helmet)
rElec    .         Reflect  .   (no cloak)
rCorr    .         Harm     .   (no gloves)
MR       .....                  (no boots)
Stlth    ..........             (no amulet)
HPRegen  0.17/turn              (no ring)
MPRegen  0.09/turn              (no ring)

@: berserking (expiring), very quick
A: fangs 3, see invisible, unbreathing
a: Bat Form, Berserk, Trog's Hand, Burn Spellbooks, Renounce Religion


You were on level 2 of the Dungeon.
You worshipped Trog.
Trog was pleased with you.
You were not thirsty.

You visited 1 branch of the dungeon, and saw 2 of its levels.

You collected 36 gold pieces.

Inventory:

Hand Weapons
 a - a +0 spear (weapon)
Armour
 b - a +0 animal skin
 d - a +0 plate armour (worn)
 k - a +0 leather armour
Scrolls
 e - a scroll of identify {unknown}
 i - a scroll of blinking {unknown}
 j - a scroll of teleportation {unknown}
Potions
 c - 9 potions of blood
 f - a potion of lignification {unknown}
 g - a potion of heal wounds {unknown}
 h - a potion of cancellation {unknown}


   Skills:
 + Level 3.2 Fighting
 + Level 3.3 Polearms
 + Level 1.6 Armour
 + Level 2.7 Dodging
 * Level 2.7 Stealth


You had 3 spell levels left.
You didn't know any spells.

Dungeon Overview and Level Annotations

Branches:
Dungeon (2/15)

Altars:


Innate Abilities, Weirdness & Mutations

You have razor-sharp teeth.
You have supernaturally acute eyesight. (SInv)
You can survive without breathing.


Message History

The gnoll sergeant is severely wounded.
The gnoll sergeant barely misses you.
You hit the gnoll sergeant.
The gnoll sergeant is severely wounded.
The gnoll closely misses you. The gnoll hits you with a flail!
You completely miss the gnoll sergeant.
The gnoll sergeant is severely wounded.
The gnoll sergeant hits you with a spear.
The gnoll barely misses you.
You hit the gnoll.
The gnoll is moderately wounded.
The gnoll sergeant hits you from afar with a spear.
* * * LOW HITPOINT WARNING * * *
You closely miss the gnoll.
The gnoll is moderately wounded.
The gnoll hits you with a flail!
* * * LOW HITPOINT WARNING * * *
The gnoll hits you but does no damage.
The gnoll sergeant hits you from afar with a spear.
You die...

##.#...................
#.#...................
#.....................
##....................
#....................
#.............<.#.... ###
#########.l............##....
...##.........g###..............#
..............gg@........(#######
............##g############
............#### .........g..#
............# ............#
............# ...........##
...##.....##


You could see a gnoll sergeant and 3 gnolls.

Vanquished Creatures
  An adder (D:2)
  A gnoll (D:2)
  5 dart slugs
  2 leopard geckos
  A ball python (D:1)
  A giant cockroach (D:1)
  4 goblins
  7 hobgoblins
  8 kobolds
  2 bats
  A frilled lizard (D:1)
  9 rats
42 creatures vanquished.

Notes
Turn   | Place    | Note
-------+----------+-------------------------------------------
     0 | D:1      | Kagorn the Vampire Berserker began the quest for the Orb.
     0 | D:1      | Reached XP level 1. HP: 17/17 MP: 1/1
    83 | D:1      | Reached skill level 1 in Stealth
    83 | D:1      | Reached XP level 2. HP: 10/23 MP: 2/2
   838 | D:1      | Reached XP level 3. HP: 16/29 MP: 3/3
  1166 | D:1      | Reached ** piety under Trog
  1579 | D:2      | Noticed a gnoll sergeant
  1597 | D:2      | Reached XP level 4. HP: 35/35 MP: 4/4
  1606 | D:2      | Slain by a gnoll sergeant

Skill      XL: |  1  2  3 |
---------------+----------+-----
Stealth        | 1 2 |  2.7
Polearms       | 3 |  3.3
Fighting       | 3 |  3.2
Armour         | |  1.6
Dodging        | |  2.7

Action                   |  1- 3 |  4- 6 || total
-------------------------+-------+-------++-------
Melee: Spear             |   148 |     7 ||   155
       Bite              |    11 |       ||    11
Invok: Berserk           |     4 |       ||     4
       Trog's Hand       |     1 |       ||     1
  Use: Potion            |    10 |       ||    10
 Stab: Sleeping          |     2 |       ||     2
Armor: Animal skin       |    26 |       ||    26
       Plate armour      |     1 |     3 ||     4
Dodge: Dodged            |    88 |     4 ||    92
